 Dungeon Crawl Stone Soup version 0.15-a0-734-g2b8d6ef (webtiles) character file.

3936 Infinimo the Basher (level 10, -1/70 HPs)
             Began as a Formicid Fighter on May 10, 2014.
             Was a Priest of Cheibriados.
             Slain by an apocalypse crab (14 damage)
             ... on Level 1 of the Abyss on May 11, 2014.
             The game lasted 00:14:09 (7048 turns).

Infinimo the Basher (Formicid Fighter)              Turns: 7048, Time: 00:14:09

HP  -1/70        AC 19     Str 29      XL: 10   Next: 44%
MP  11/11        EV  7     Int 15      God: Cheibriados [***...]
Gold 351         SH 26     Dex 18      Spells:  0 memorised,  9 levels left

rFire  . . .     SeeInvis +     B - +0 morningstar
rCold  . . .     Clarity  .     F - +0 plate armour
rNeg   . . .     Conserve .     c - +0 shield
rPois  .         rCorr    .     (helmet unavailable)
rElec  +         rRot     .     n - +1 cloak
SustAb . .       Spirit   .     k - +0 pair of gloves
rMut   .         Warding  .     (no boots)
Gourm  +         Stasis   +     x - amulet of the gourmand
MR     +....                    t - ring of flight
                                i - +2 ring of dexterity

@: very slow, somewhat resistant to hostile enchantments, extremely unstealthy
A: permanent stasis, dig shafts and tunnels, four strong arms, antennae 3, slimy
green scales 1, low mp 1, electricity resistance
a: Dig, Shaft Self, Bend Time, Temporal Distortion, Renounce Religion, Evoke
Flight


You were on level 1 of the Abyss.
You worshipped Cheibriados.
Cheibriados was most pleased with you.
You were very hungry.

You visited 1 branch of the dungeon, and saw 9 of its levels.
You visited the Abyss 1 time.

You collected 351 gold pieces.

Inventory:

Hand weapons
 B - a +0,+0 morningstar (weapon)
Missiles
 j - a dart of flame (quivered)
Armour
 c - a +0 shield (worn)
 k - a +0 pair of gloves (worn)
 n - a +1 cloak (worn)
 F - a +0 plate armour (worn)
Magical devices
 b - a wand of magic darts (13) {unknown}
 m - a wand of polymorph (15)
 H - a wand of frost (15) {unknown}
 I - a wand of random effects (8) {unknown}
Comestibles
 d - 9 bread rations
 o - a honeycomb
 z - a pear
 E - an apple
 G - a meat ration
Scrolls
 a - a scroll of enchant weapon II
 g - 6 scrolls of identify
 h - a scroll of enchant weapon I
 q - 2 scrolls of remove curse
 u - a scroll of immolation {unknown}
 y - a scroll of magic mapping
 C - a scroll of recharging
Jewellery
 f - an uncursed ring of magical power {unknown}
 i - a +2 ring of dexterity (left hand)
 p - an uncursed ring of fire
 t - a ring of flight (right hand)
 x - an amulet of the gourmand (around neck)
Potions
 e - a potion of might
 l - 4 potions of agility
 s - a potion of invisibility {unknown}
 w - a potion of flight
 A - a potion of degeneration {unknown}
 D - 2 potions of resistance {unknown}
 J - a potion of berserk rage {unknown}
Books
 r - a book of Debilitation

   Spells                             Type                      Level
   Corona                             Hexes                        1
   Slow                               Hexes                        2
   Inner Flame                        Hexes/Fire                   3
   Enslavement                        Hexes                        4
   Cause Fear                         Hexes                        4
   Leda's Liquefaction                Hexes/Earth                  4


   Skills:
 - Level 3.2 Fighting
 * Level 10.4 Maces & Flails
 + Level 8.6 Armour
 - Level 9.3 Shields


You had 9 spell levels left.
You didn't know any spells.

Dungeon Overview and Level Annotations

Branches:
Dungeon (9/15)             Temple (0/1) D:5
    Orc: D:9-12        Lair: D:8-11

Altars:
Ashenzari
Cheibriados
Fedhas
Nemelex Xobeh
Xom
Yredelemnul
Zin


Innate Abilities, Weirdness & Mutations

Your are under a permanent stasis effect.
You can dig through walls and to a lower floor.
Your four strong arms can wield two-handed weapons with a shield.
You have a pair of large antennae on your head (SInv).
You are partially covered in slimy green scales (AC +2).
Your magical capacity is low (-10% MP).
You are resistant to electric shocks.


Message History

You are feeling very hungry.
You impale the large abomination!!
The large abomination is almost destroyed.
You block the large abomination's attack.
You puncture the large abomination!
You destroy the large abomination!
Cheibriados thoroughly appreciates the change of pace.
You start resting.
An apocalypse crab emerges from the beyond.
An apocalypse crab is nearby!
You see here 30 gold pieces.
You block the apocalypse crab's attack. x2
There is an open door here.
Use which ability? (? or * to list)
Okay, then.
You block the apocalypse crab's attack. x2
The apocalypse crab bites you.
* * * LOW HITPOINT WARNING * * *
The apocalypse crab freezes you!
You die...

#.#. ..... # .#.
......# #. ..#
.....# # #.#
..#..)..# #....#
.......#
..##.##......#.#
#..#.#.......# {
#. #t#'######
##..$#@...# ##
#..#.####.# # .
#.#...## ## ..#
.. ###..# .# ###
. . .
#....###.### .#.
#...#...?....#..#
.
...###......#.###
.# ### #.$#.. .##
# . #.... .# ## #
# .


You could see an apocalypse crab.

Vanquished Creatures
  3 large abominations (Abyss:1)
  A smoke demon (Abyss:1)
  A hippogriff (D:7)
  Edmund (D:5)
  An ice beast (D:5)
  2 centaurs (D:7)
  A sky beast (D:5)
  A black bear (D:8)
  4 giant frogs
  5 killer bees (D:7)
  A tengu skeleton (D:9)
  4 crimson imps
  A quasit (D:7)
  A goliath beetle (D:6)
  An orc priest (D:3)
  2 hounds
  A black bear skeleton (D:5)
  5 worker ants
  2 orc wizards
  4 iguanas
  7 gnolls
  A gnoll skeleton (D:8)
  13 adders
  2 white imps (Abyss:1)
  A worm (D:1)
  An ufetubus (Abyss:1)
  7 giant geckos
  12 orcs
  4 giant cockroaches
  13 hobgoblins
  12 jackals
  3 quokkas
  A ball python (D:2)
  16 bats
  5 giant newts
  16 goblins
  10 kobolds
  A kobold skeleton (D:6)
  An orc skeleton (D:4)
  12 rats
  A spectral orc (D:4)
181 creatures vanquished.

Notes
Turn   | Place    | Note
--------------------------------------------------------------
     0 | D:1      | Infinimo, the Formicid Fighter, began the quest for the Orb.
     0 | D:1      | Reached XP level 1. HP: 18/18 MP: 1/1
   385 | D:1      | Reached XP level 2. HP: 24/24 MP: 3/3
   673 | D:1      | Upgraded the game from 0.15-a0-717-ga3c592f to 0.15-a0-734-g2b8d6ef
  1022 | D:1      | Reached skill level 4 in Shields
  1022 | D:1      | Reached XP level 3. HP: 22/29 MP: 4/4
  1236 | D:2      | Found a glowing silver altar of Zin.
  1448 | D:2      | Reached XP level 4. HP: 32/35 MP: 5/5
  1809 | D:2      | Found a blossoming altar of Fedhas.
  2242 | D:3      | Reached XP level 5. HP: 37/41 MP: 7/7
  2387 | D:3      | Reached skill level 5 in Shields
  3138 | D:4      | Reached XP level 6. HP: 37/47 MP: 8/8
  3195 | D:4      | Found a basalt altar of Yredelemnul.
  3544 | D:4      | Found a sparkling altar of Nemelex Xobeh.
  3947 | D:5      | Entered Level 5 of the Dungeon
  4070 | D:5      | Found a blossoming altar of Fedhas.
  4145 | D:5      | Gained mutation: Your magical capacity is low (-10% MP). [potion of mutation]
  4145 | D:5      | Gained mutation: You are partially covered in slimy green scales (AC +2). [potion of mutation]
  4145 | D:5      | Gained mutation: You are resistant to electric shocks. [potion of mutation]
  4202 | D:5      | Reached skill level 5 in Maces & Flails
  4202 | D:5      | Reached XP level 7. HP: 52/52 MP: 8/8
  4242 | D:5      | Noticed a sky beast
  4243 | D:5      | Found a snail-covered altar of Cheibriados.
  4248 | D:5      | Killed a sky beast
  4260 | D:5      | Became a worshipper of Cheibriados the Contemplative
  4322 | D:5      | Noticed an ice beast
  4328 | D:5      | Killed an ice beast
  4328 | D:5      | Reached skill level 5 in Armour
  4328 | D:5      | Reached skill level 6 in Shields
  4353 | D:5      | Found a staircase to the Ecumenical Temple.
  4353 | D:5      | Noticed Edmund
  4379 | D:5      | Killed Edmund
  4379 | D:5      | Reached XP level 8. HP: 36/58 MP: 9/9
  4549 | D:6      | Found a shattered altar of Ashenzari.
  5113 | D:6      | Reached skill level 7 in Shields
  5298 | D:6      | Noticed a hill giant
  5304 | D:6      | HP: 1/58 [hill giant/giant club (13)]
  5315 | D:6      | HP: 1/58 [hill giant/giant club (24)]
  5318 | D:6      | You fall through a shaft for 3 floors!
  5715 | D:8      | Found a shimmering altar of Xom.
  5925 | D:7      | Reached XP level 9. HP: 64/64 MP: 10/10
  6089 | D:7      | Reached skill level 8 in Maces & Flails
  6539 | D:7      | Cast into the Abyss (gnoll sergeant)
  6539 | Abyss:1  | Found a corrupted altar of Lugonu.
  6549 | Abyss:1  | Noticed a large abomination
  6560 | Abyss:1  | Killed a large abomination
  6560 | Abyss:1  | Reached skill level 9 in Maces & Flails
  6600 | Abyss:1  | Noticed a frost giant skeleton
  6602 | Abyss:1  | Found a corrupted altar of Lugonu.
  6740 | Abyss:1  | Noticed a smoke demon
  6746 | Abyss:1  | Noticed a large abomination
  6752 | Abyss:1  | Killed a smoke demon
  6752 | Abyss:1  | Reached XP level 10. HP: 48/70 MP: 11/11
  6757 | Abyss:1  | Noticed a large abomination
  6782 | Abyss:1  | Acquired Cheibriados' first power
  6785 | Abyss:1  | Killed a large abomination
  6787 | Abyss:1  | Reached skill level 10 in Maces & Flails
  6993 | Abyss:1  | Noticed a large abomination
  7001 | Abyss:1  | Killed a large abomination
  7036 | Abyss:1  | Noticed an apocalypse crab
  7048 | Abyss:1  | Slain by an apocalypse crab

Action                   |  1- 3 |  4- 6 |  7- 9 | 10-12 || total
-------------------------+-------+-------+-------+-------++-------
Melee: Flail             |    96 |   247 |       |       ||   343
       Morningstar       |       |    37 |   310 |    17 ||   364
Invok: Bend Time         |       |       |     1 |       ||     1
 Abil: Dig               |       |     2 |     2 |    10 ||    14
       Shaft Self        |       |       |     1 |       ||     1
Evoke: Wand              |       |     1 |       |       ||     1
  Use: Scroll            |       |    13 |       |       ||    13
       Potion            |       |     7 |     2 |     2 ||    11
